 Dungeon Crawl Stone Soup version 0.26-a0-1164-g1a551d6a14 (webtiles) character file.

Game seed: 17626693643017641061

17440 raph the Reanimator (level 12, -5/104 HPs)
             Began as a Deep Dwarf Necromancer on Dec 23, 2020.
             Was a High Priest of Makhleb.
             Slain by a death yak (21 damage)
             ... led by a torpor snail
             ... on level 3 of the Lair of Beasts.
             The game lasted 00:44:43 (19237 turns).

raph the Reanimator (Deep Dwarf Necromancer)       Turns: 19237, Time: 00:44:45

Health: -5/104     AC: 12    Str: 13    XL:     12   Next: 18%
Magic:  5/20       EV: 16    Int: 27    God:    Makhleb [*****.]
Gold:   325        SH:  5    Dex: 14    Spells: 5/23 levels left

rFire    . . .     SeeInvis .   a - +5 hand axe (vorpal)
rCold    . . .     Faith    .   (no shield)
rNeg     . . .     Spirit   .   I - +0 acid dragon scales
rPois    .         Reflect  +   (no helmet)
rElec    .         Harm     .   l - +1 cloak
rCorr    +         Rampage  .   w - +2 pair of gloves
Will     ++...                  O - +0 pair of boots
Stlth    ++++......             s - amulet of reflection
HPRegen  0.00/turn              P - ring "Lumeb" {+Inv Will+ Int+2 Slay+2}
MPRegen  0.17/turn              x - +6 ring of intelligence

@: non-regenerating, slowed, studying Fire Magic, very slow
A: damage resistance, heal wounds, sense surroundings 2, no regeneration
a: Heal Wounds, Renounce Religion, Evoke Invisibility, Minor Destruction, Lesser
Servant of Makhleb, Major Destruction, Greater Servant of Makhleb


You were on level 3 of the Lair of Beasts.
You worshipped Makhleb.
Makhleb was extremely pleased with you.
You visited 3 branches of the dungeon, and saw 13 of its levels.
You also visited: Ossuary.

You collected 902 gold pieces.
You spent 577 gold pieces at shops.

Inventory:

Hand Weapons
 a - a +5 vorpal hand axe (weapon)
 b - the +1 hunting sling of Juffiu {vorpal, Str+6}
   (You found it on level 7 of the Dungeon)

   Any stone fired from it inflicts extra damage.
   It affects your strength (+6).
 c - a +0 dagger of freezing
 o - a +0 hunting sling
 q - a +1 mace of holy wrath
 J - a +1 hand axe of flaming
Missiles
 p - 37 sling bullets
Armour
 l - a +1 cloak (worn)
 w - a +2 pair of gloves (worn)
 D - a +0 robe
 E - a +0 leather armour
 I - +0 acid dragon scales (worn)
 O - a +0 pair of boots (worn)
Jewellery
 k - an uncursed ring of positive energy
 s - an amulet of reflection (around neck)
 x - a +6 ring of intelligence (right hand)
 P - the ring "Lumeb" (left hand) {+Inv Will+ Int+2 Slay+2}
   (You found it on level 2 of the Lair of Beasts)

   [ring of willpower]

   It affects your intelligence (+2).
   It affects your accuracy and damage with ranged weapons and melee attacks
   (+2).
   It affects your willpower, your defense against some magical effects.
   It lets you turn invisible.
Wands
 d - a wand of disintegration (16)
 r - a wand of random effects (13)
 u - a wand of flame (26)
 y - a wand of iceblast (15)
 G - a wand of enslavement (16)
Scrolls
 e - 4 scrolls of teleportation
 g - 3 scrolls of fear
 j - 4 scrolls of remove curse
 A - 2 scrolls of fog
 F - 3 scrolls of blinking
 H - a scroll of amnesia
 N - a scroll of enchant weapon
 Q - a scroll of holy word
Potions
 f - 3 potions of haste
 h - 5 potions of lignification
 m - 2 potions of mutation
 n - 2 potions of flight
 t - 3 potions of brilliance
 v - 4 potions of ambrosia
 z - 5 potions of curing
 B - a potion of berserk rage
 C - a potion of attraction
 K - a potion of magic
 M - a potion of resistance
Books
 i - a manual of Fire Magic
Miscellaneous
 L - a phial of floods


   Skills:
 + Level 5.9 Fighting
 * Level 6.5 Axes
 + Level 8.5 Dodging
 + Level 9.9 Stealth
 + Level 6.4 Spellcasting
 + Level 11.5 Necromancy
 + Level 3.5 Translocations
 - Level 9.6 Invocations
 + Level 1.7 Evocations


You had 5 spell levels left.
You knew the following spells:

 Your Spells              Type           Power        Failure   Level
a - Pain                  Necr           100%         1%          1
b - Animate Skeleton      Necr           100%         1%          1
c - Vampiric Draining     Necr           31%          1%          3
d - Animate Dead          Necr           31%          1%          4
e - Agony                 Necr           63%          2%          5
f - Apportation           Tloc           54%          2%          1
g - Gell's Gravitas       Tloc           13%          6%          3

Your spell library contained the following spells:

 Spells                   Type           Power        Failure   Level
 Corona                   Hex            8%           9%          1
 Summon Small Mammal      Summ           32%          9%          1
 Call Imp                 Summ           8%           14%         2
 Call Canine Familiar     Summ           8%           26%         3
 Confusing Touch          Hex            8%           26%         3
 Summon Guardian Golem    Hex/Summ       8%           26%         3
 Petrify                  Tmut/Erth      8%           65%         4
 Summon Ice Beast         Ice/Summ       8%           65%         4
 Summon Lightning Spire   Summ/Air       8%           65%         4
 Metabolic Englaciation   Hex/Ice        4%           94%         5
 Yara's Violent Unravell  Hex/Tmut       4%           94%         5


Dungeon Overview and Level Annotations

Branches:
Dungeon (9/15)             Temple (1/1) D:4            Lair (3/6) D:8
Ossuary (visited)
  Swamp: Lair:2-4    Shoals: Lair:2-4     Snake: Lair:2-4    Spider: Lair:2-4
    Orc: D:9-12

Altars:
Cheibriados
Dithmenos
Elyvilon
Gozag
Hepliaklqana
Kikubaaqudgha
Makhleb
Nemelex Xobeh
Okawaru
Qazlal
Ru
Sif Muna
Trog
Uskayaw
Vehumet
Wu Jian
Xom
Yredelemnul
Zin
The Shining One

Shops:
D:4 *   D:9 [*


Innate Abilities, Weirdness & Mutations

You are resistant to damage.
You can heal yourself by infusing magical energy.
You passively map the area around you.
You do not regenerate.


Message History

Aiming: Vampiric Draining (safe; 1% risk of failure)
Press: ? - help, Shift-Dir - straight line, f - death yak
Aim: a death yak The death yak is lightly wounded.
You feel life coursing into your body. The yak barely misses you.
The death yak misses you. The death yak gores you!!
* * * LOW HITPOINT WARNING * * *
The torpor snail bites you!
* * * LOW HITPOINT WARNING * * *
The yak barely misses you.
Casting: Vampiric Draining (safe; 1% risk of failure)
Confirm with . or Enter, or press ? or * to list all spells.
Aiming: Vampiric Draining (safe; 1% risk of failure)
Press: ? - help, Shift-Dir - straight line, f - yak, p - death yak
Aim: a yak (almost dead)
You kill the yak!
Makhleb accepts your kill.
You feel better.
You feel life coursing into your body. The death yak gores you!!
You die...

* , ** * * * ####
#. , , #..# . ###
, *... .#.. , ,,*
*, , * P..* ...# ,
, , , ##.# ##<.#
#..# #?..#### , ,
#P.###Yw†..P#.. ,
,,
####.P##.@†......
,
##.....#...Y....#.
#.............###
* ,
##.#..##.........
##.##..##..#.####,
#.....##..#.#.# ,
#........#.###.#
,, #.####.#....P#
.. ,* , , , * ##
#....#...>,, ,,


You could see 2 death yaks and a torpor snail.

Vanquished Creatures
  Pikel (D:8)
  2 black mambas (Lair:2)
  Maggie (Lair:2)
  5 cane toads
  3 rime drakes (Lair:2)
  7 komodo dragons
  6 polar bears
  2 queen bees
  Grinder (D:4)
  Sigmund (D:6)
  6 wyverns
  15 yaks
  Grum (D:8)
  2 basilisks (Lair:2)
  A steam dragon (D:7)
  Duvessa (D:6)
  10 water moccasins
  A black bear (D:8)
  3 orc warriors
  An ice beast (D:5)
  A sky beast (D:6)
  4 wolves
  4 ogres
  2 centaurs
  2 lemures
  6 bullfrogs
  Blork the orc (D:6)
  A water moccasin zombie (D:6)
  3 scorpions
  A water moccasin skeleton (D:6)
  Dowan (D:6)
  47 killer bees
  4 howler monkeys (D:7)
  2 electric eels (Lair:1)
  2 vampire bats (Lair:2)
  A jelly (D:7)
  A centaur skeleton (D:4)
  2 hounds
  A hell rat (Lair:2)
  An iguana (D:8)
  2 orc wizards
  6 worker ants
  Terence (D:2)
  An ogre zombie (D:9)
  A hound zombie (D:7)
  2 hound skeletons
  13 mummies (Ossuary)
  9 gnolls
  9 adders
  2 river rats (Lair:2)
  2 shadow imps (D:7)
  4 white imps
  2 oozes
  An adder skeleton (D:8)
  2 worms
  6 leopard geckos
  24 orcs
  11 bats
  6 giant cockroaches
  9 goblins
  11 hobgoblins
  9 jackals
  7 kobolds
  5 quokkas
  4 frilled lizards
  3 gnoll skeletons (Ossuary)
  A goblin skeleton (Ossuary)
  2 jackal skeletons
  4 orc skeletons (Ossuary)
  An orc zombie (D:9)
  2 quokka skeletons
  8 rats
  11 rat skeletons (Ossuary)
338 creatures vanquished.

Vanquished Creatures (collateral kills)
  A water moccasin (Lair:2)
  A bullfrog (Lair:2)
  4 killer bees
  A gnoll (D:9)
  An adder (D:3)
8 creatures vanquished.

Vanquished Creatures (others)
  A quokka (D:5)
  11 fungi
  44 plants
56 creatures vanquished.

Grand Total: 402 creatures vanquished

Notes
Turn   | Place    | Note
-------+----------+-------------------------------------------
     0 | D:1      | raph the Deep Dwarf Necromancer began the quest for the
                  | Orb.
     0 | D:1      | Reached XP level 1. HP: 15/15 MP: 3/3
    57 | D:1      | Reached XP level 2. HP: 20/22 MP: 0/4
   102 | D:1      | Learned a level 1 spell: Animate Skeleton
   856 | D:1      | Reached XP level 3. HP: 26/28 MP: 2/6
   989 | D:1      | Learned a level 3 spell: Vampiric Draining
  1196 | D:1      | Reached skill level 5 in Necromancy
  1758 | D:2      | Noticed Terence
  1763 | D:2      | Killed Terence
  1764 | D:2      | Reached XP level 4. HP: 33/36 MP: 2/7
  2078 | D:2      | Found a white marble altar of Elyvilon.
  2079 | D:2      | Found a radiant altar of Vehumet.
  2500 | D:2      | Found a bloodstained altar of Trog.
  2502 | D:2      | Found a snail-covered altar of Cheibriados.
  3058 | D:3      | Reached XP level 5. HP: 40/42 MP: 3/8
  3197 | D:3      | Noticed an ogre
  3215 | D:3      | Killed an ogre
  3317 | D:3      | Reached skill level 6 in Necromancy
  3445 | D:3      | Found a shimmering blue altar of Sif Muna.
  3445 | D:3      | Found an iron altar of Okawaru.
  3446 | D:3      | Found a glowing golden altar of the Shining One.
  4147 | D:3      | Found a faded altar of an unknown god.
  4205 | D:4      | Reached XP level 6. HP: 40/49 MP: 10/10
  4258 | D:4      | Found a staircase to the Ecumenical Temple.
  4266 | Temple   | Entered the Ecumenical Temple
  4362 | Temple   | Became a worshipper of Makhleb the Destroyer
  4447 | D:4      | Noticed Grinder
  4463 | D:4      | Killed Grinder
  4498 | D:4      | Found a sand-covered staircase.
  4505 | Ossuary  | Entered an ossuary
  4532 | Ossuary  | Reached XP level 7. HP: 31/55 MP: 11/11
  4832 | Ossuary  | Reached skill level 5 in Stealth
  4840 | Ossuary  | Reached * piety under Makhleb
  4888 | Ossuary  | Reached skill level 7 in Necromancy
  5387 | D:4      | Found Aboess's General Store.
  5390 | D:4      | Bought a scroll of blinking for 97 gold pieces
  5400 | D:4      | Noticed a +0 dagger
  5400 | D:4      | Noticed a +0 dagger
  5402 | D:4      | Found a hide-covered altar of Uskayaw.
  5653 | D:4      | Found a glowing silver altar of Zin.
  5653 | D:4      | Found an ornate altar of the Wu Jian Council.
  6116 | D:5      | Entered Level 5 of the Dungeon
  6386 | D:5      | Reached skill level 1 in Fighting
  6737 | D:5      | Reached XP level 8. HP: 16/64 MP: 13/13
  7548 | D:6      | Noticed Blork the orc
  7555 | D:6      | Killed Blork the orc
  7556 | D:6      | Reached skill level 5 in Dodging
  7646 | D:6      | Learned a level 4 spell: Animate Dead
  7652 | D:6      | Learned a level 5 spell: Agony
  7862 | D:6      | Noticed Dowan
  7868 | D:6      | Killed Dowan
  7869 | D:6      | Reached skill level 8 in Necromancy
  7978 | D:6      | Noticed Sigmund
  7995 | D:6      | Killed Sigmund
  8208 | D:6      | Reached skill level 1 in Axes
  8218 | D:6      | Noticed Duvessa
  8249 | D:6      | Killed Duvessa
  8412 | D:5      | Reached ** piety under Makhleb
  8830 | D:6      | Gained mutation: You passively map the area around you.
                  | [Deep Dwarf growth]
  8830 | D:6      | Reached XP level 9. HP: 67/74 MP: 8/15
  8832 | D:6      | Reached skill level 1 in Invocations
  9030 | D:6      | Reached skill level 9 in Necromancy
  9337 | D:7      | Got a pitted hunting sling
  9338 | D:7      | Identified the +1 hunting sling of Juffiu {vorpal, Str+6}
                  | (You found it on level 7 of the Dungeon)
 11340 | D:8      | Found a shimmering altar of Xom.
 11340 | D:8      | Found a shimmering altar of Xom.
 11369 | D:8      | Found a shimmering altar of Xom.
 11369 | D:8      | Found a shimmering altar of Xom.
 11369 | D:8      | Found a shimmering altar of Xom.
 11370 | D:8      | Found a shimmering altar of Xom.
 11370 | D:8      | Found a shimmering altar of Xom.
 11370 | D:8      | Found a shimmering altar of Xom.
 11370 | D:8      | Found a shimmering altar of Xom.
 11370 | D:8      | Found a shimmering altar of Xom.
 11584 | D:8      | Found a staircase to the Lair.
 11783 | D:8      | Noticed a two-headed ogre
 11809 | D:8      | Noticed Grum
 11811 | D:8      | Noticed Pikel
 11839 | D:8      | Killed Grum
 12588 | D:8      | Killed Pikel
 12589 | D:8      | Reached skill level 5 in Spellcasting
 12589 | D:8      | Reached skill level 5 in Invocations
 12589 | D:8      | Reached XP level 10. HP: 52/85 MP: 1/16
 12792 | D:8      | You fall into a shaft and drop 1 floor!
 12876 | D:9      | Found Tenkig's Armour Emporium.
 12881 | D:9      | Bought +0 acid dragon scales for 480 gold pieces
 12949 | D:9      | Reached skill level 10 in Necromancy
 12967 | D:9      | Reached *** piety under Makhleb
 13020 | D:9      | Found Tuuscho's Assorted Antiques.
 13341 | Lair:1   | Entered Level 1 of the Lair of Beasts
 13352 | Lair:1   | Noticed a cane toad
 13357 | Lair:1   | Killed a cane toad
 13441 | Lair:1   | Noticed a cane toad
 13446 | Lair:1   | Killed a cane toad
 13810 | Lair:1   | Noticed a cane toad
 13819 | Lair:1   | Killed a cane toad
 14725 | Lair:1   | You fall into a shaft and drop 1 floor!
 14726 | Lair:2   | Noticed a cane toad
 14732 | Lair:2   | Killed a cane toad
 14964 | Lair:1   | Noticed a cane toad
 14972 | Lair:1   | Killed a cane toad
 14973 | Lair:1   | Reached XP level 11. HP: 93/93 MP: 5/18
 15568 | Lair:2   | Reached **** piety under Makhleb
 15682 | Lair:1   | Learned a level 1 spell: Apportation
 15686 | Lair:1   | Learned a level 3 spell: Gell's Gravitas
 15695 | Lair:2   | Reached skill level 5 in Fighting
 15695 | Lair:2   | Reached skill level 11 in Necromancy
 16167 | Lair:2   | Reached skill level 5 in Axes
 16167 | Lair:2   | Reached skill level 1 in Translocations
 17262 | Lair:2   | Noticed Maggie
 17631 | Lair:2   | Killed Maggie
 18634 | Lair:2   | Got a scorched bronze ring
 18636 | Lair:2   | Identified the ring "Lumeb" {+Inv Will+ Int+2 Slay+2} (You
                  | found it on level 2 of the Lair of Beasts)
 18662 | Lair:2   | Reached ***** piety under Makhleb
 18718 | Lair:2   | Reached XP level 12. HP: 101/104 MP: 10/20
 18747 | Lair:2   | Reached skill level 1 in Evocations
 19229 | Lair:3   | Noticed a death yak
 19230 | Lair:3   | Noticed a death yak
 19236 | Lair:3   | HP: 2/104 [torpor snail (14)]
 19237 | Lair:3   | Slain by a death yak

Illustrated notes

Levels and vault maps discovered:
D:1:      minmay_arrival_doors, layout_loops_ring, st_stairs_10,
          chequers_serial_rivers_small_3, dk_noncrumbling_3
D:2:      layout_loops_ring, nicolae_overflow_hidden_temple, uniq_terence
D:3:      layout_basic, minitemple, chequers_ecumenical_altar_grove
D:4:      layout_loops_ring, gammafunk_temple_overflow_pools,
          dancing_weapons_uskayaw, minmay_temple_entry_arrows,
          nicolae_ossuary_entry_ruins, serial_shops, kennysheep_mini_moat,
          uniq_grinder
D:5:      minmay_spotlight, layout_loops_ring, serial_bayou_pond_e,
          lemuel_flame_loot_1
D:6:      layout_rooms, minmay_misc_feat_cross, minmay_manual_moon,
          uniq_blork_the_orc, uniq_duvessa, uniq_sigmund
D:7:      layout_basic, grunt_decor_arrowhead, hangedman_abyss_or_decor_stagger
D:8:      layout_loops_ring, xom_redecorated, lair_entry_dummy, uniq_pikel,
          uniq_grum
D:9:      layout_cave_pools, kennysheep_mini, fedhas_altar_4, zombieorc1_lemuel,
          serial_gnoll_camp, gnoll_camp_mini_shop, gnoll_camp_mini_shop,
          gnoll_camp_mini_house, gnoll_camp_medium_02,
          gnoll_camp_mini_loothouse, serial_shops, nicolae_shop_trees,
          nicolae_shop_behind_doors, gammafunk_ghost_berserking_beasts,
          uniq_erolcha, uniq_psyche
Temple:   compressed_dpeg_triangle_lava_temple
Lair:1:   layout_roguey, special_room [special_room_bee], grunt_megastairs_2,
          serial_bayou_shore_a
Lair:2:   regret_index_combs_of_tragedy, layout_gridlike,
          chequers_serial_rivers_large_b, roderic_batcave,
          chequers_serial_rivers_micro_d, serial_bayou_pond_c,
          cheibrodos_lair_lostbears, uniq_maggie
Lair:3:   layout_loops_ring, guppyfry_snake_entry_island, lemuel_fruit_tree

Skill      XL: |  1  2  3  4  5  6  7  8  9 10 11 12 |
---------------+-------------------------------------+-----
Spellcasting   | 2 3 4 5 6 |  6.4
Stealth        | 3 4 5 6 7 8 9 |  9.9
Necromancy     | 5 6 7 8 9 10 11 | 11.5
Dodging        | 3 4 5 6 7 8 |  8.5
Fighting       | 1 2 3 4 5 |  5.9
Axes           | 1 3 4 6 |  6.5
Invocations    | 5 7 9 |  9.6
Translocations | 3 |  3.5
Evocations     | 1 |  1.7

Action                   |  1- 3 |  4- 6 |  7- 9 | 10-12 || total
-------------------------+-------+-------+-------+-------++-------
Melee: Dagger            |       |    17 |       |       ||    17
       Mace              |       |    30 |   107 |       ||   137
       Hand axe          |       |       |   147 |   422 ||   569
 Fire: Hunting sling     |       |       |     4 |       ||     4
 Cast: Pain              |    57 |    85 |   103 |    54 ||   299
       Animate Skeleton  |     6 |    10 |    16 |     6 ||    38
       Vampiric Draining |       |    10 |    80 |   130 ||   220
       Agony             |       |       |     7 |    12 ||    19
       Animate Dead      |       |       |     3 |    18 ||    21
       Apportation       |       |       |       |     1 ||     1
Invok: Minor Destruction |       |       |     1 |       ||     1
 Abil: Heal Wounds       |       |     1 |     1 |       ||     2
Evoke: Wand              |       |       |     4 |     2 ||     6
  Use: Scroll            |     1 |     9 |    16 |     6 ||    32
       Potion            |       |       |     3 |     1 ||     4
 Stab: Sleeping          |       |     3 |     9 |     3 ||    15
       Distracted        |       |       |       |     1 ||     1
Armor: Robe              |     5 |     7 |    10 |       ||    22
       Leather armour    |       |       |    72 |       ||    72
       Acid dragon scale |       |       |       |   227 ||   227
Dodge: Dodged            |    14 |    33 |   264 |   608 ||   919
Block: Other             |       |    11 |   119 |   191 ||   321
       Reflection        |       |     2 |     5 |     1 ||     8

Table legend: (Time is in decaauts)
 A = Elapsed time spent in this place.
 B = Non-inter-level travel time spent in this place.
 C = Inter-level travel time spent in this place.
 D = Time resting spent in this place.
 E = Time spent auto-exploring this place.
 F = Levels seen in this place.
 G = Mean time per level.
                   A        B        C        D        E       F      G
               +--------+--------+--------+--------+--------+-----+--------+
         Total |  19389 |  18735 |    654 |   9180 |   5613 |  14 | 1384.9 |
       Dungeon |  12442 |  11869 |    573 |   5467 |   4066 |   9 | 1382.4 |
        Temple |    107 |    107 |      0 |      0 |     49 |   1 |  107.0 |
          Lair |   5952 |   5872 |     80 |   3208 |   1427 |   3 | 1984.0 |
       Ossuary |    887 |    887 |      0 |    505 |     71 |   1 |  887.0 |
               +--------+--------+--------+--------+--------+-----+--------+

Top non-repeatable levels by time:
  Lair:2: 3194 daAuts
  Lair:1: 2413 daAuts
     D:7: 1874 daAuts
     D:8: 1815 daAuts
     D:5: 1705 daAuts
     D:3: 1558 daAuts
     D:6: 1477 daAuts
     D:1: 1430 daAuts
     D:2: 1386 daAuts
 Ossuary: 887 daAuts
     D:4: 796 daAuts
     D:9: 397 daAuts
  Lair:3: 343 daAuts
  Temple: 107 daAuts
